 Dungeon Crawl Stone Soup version 0.29.0-4-gdea44cf6ec (webtiles) character file.

Game seed: 15252413096435196856

35 qw the Vexing (level 3, -4/35 HPs)
             Began as an Ogre Enchanter on Sept 4, 2022.
             Slain by an iguana (8 damage)
             ... on level 2 of the Dungeon.
             The game lasted 00:00:41 (2038 turns).

qw the Vexing (Ogre Enchanter)                      Turns: 2038, Time: 00:00:42

Health: -4/35      AC:  3    Str: 13 (14) XL:     3   Next: 35%
Magic:  6/6        EV:  9    Int: 15 (16) God:
Gold:   63         SH:  0    Dex:  6 (9)  Spells: 6/6 levels left

rFire   . . .      SeeInvis .   e - +0 hand axe
rCold   . . .      Faith    .   (no shield)
rNeg    . . .      Spirit   .   b - +0 robe
rPois   .          Reflect  .   (helmet restricted)
rElec   .          Harm     .   (no cloak)
rCorr   .          Rampage  .   (gloves unavailable)
Will    .....                   (boots unavailable)
Stlth   +.........              (no amulet)
HPRegen 0.11/turn               (no ring)
MPRegen 0.10/turn               (no ring)

@: no status effects
A: large, unfitting armour, tough skin 1
a: no special abilities


You were on level 2 of the Dungeon.
You visited 1 branch of the dungeon, and saw 2 of its levels.

You collected 63 gold pieces.


Innate Abilities, Weirdness & Mutations

You are too large for most types of armour.
You have tough skin. (AC +1)


   Skills:
 - Level 2.0 Fighting
 - Level 0.8 Short Blades
 + Level 2.3 Axes
 - Level 1.7 Dodging
 - Level 2.1 Stealth
 - Level 2.4 Spellcasting
 - Level 2.6 Hexes


You had 6 spell levels left.
You didn't know any spells.
Your spell library contained the following spells:

 Spells                   Type           Power      Damage    Failure   Level
 Ensorcelled Hibernation  Hex/Ice        10%        N/A       19%         2
 Confusing Touch          Hex            9%         N/A       22%         3
 Tukima's Dance           Hex            9%         N/A       22%         3
 Dazzling Flash           Conj/Hex       10%        N/A       36%         3

Inventory:

Hand Weapons
 a - a +0 whip
 e - a +0 hand axe (weapon)
Missiles
 f - 2 boomerangs (quivered)
Armour
 b - a +0 robe (worn)
Scrolls
 c - a scroll of fear {unknown}
 i - a scroll of identify
Potions
 d - a potion of brilliance {unknown}
 g - a potion of curing

Dungeon Overview and Level Annotations

Branches:
Dungeon (2/15)

Altars:


Message History

The boomerang hits the iguana but does no damage.
The iguana is lightly wounded.
You hit the iguana.
The iguana is lightly wounded.
The iguana barely misses you.
You hit the iguana but do no damage.
The iguana is lightly wounded.
The iguana bites you.
You closely miss the iguana.
The iguana is lightly wounded.
The iguana bites you!
You barely miss the iguana.
The iguana is lightly wounded.
The iguana barely misses you.
You hit the iguana.
The iguana is lightly wounded.
The iguana barely misses you. x2
You hit the iguana.
The iguana is moderately wounded.
The iguana closely misses you.
You hit the iguana but do no damage.
The iguana is moderately wounded.
The iguana closely misses you.
You hit the iguana.
The iguana is severely wounded.
The iguana bites you.
You barely miss the iguana.
The iguana is severely wounded.
The iguana bites you.
You closely miss the iguana.
The iguana is severely wounded.
The iguana bites you but does no damage.
You closely miss the iguana.
The iguana is severely wounded.
The iguana bites you!
The iguana bites you but does no damage.
You hit the iguana.
The iguana is almost dead.
The iguana bites you!
You die...

### ..##### ...
#.....### ...
##.##...### ....
...#..#...### .....
..##..#.....#######$..
..#.....#.......#...
.##..#....##.##.#l#
.#..#..#.....#..@.#
##.......#..##...##
#...#.#.....#..#...
###......#.#######...
#.###......# ##...
#...###...# ..
......###.# #
.#.#....#.#
..[.###...#


You could see an iguana.

Vanquished Creatures
  A worm (D:2)
  An orc (D:2)
  2 endoplasms (D:2)
  A giant cockroach (D:1)
  5 goblins
  6 hobgoblins
  2 quokkas
  A bat (D:1)
  2 frilled lizards (D:1)
  4 kobolds
  3 rats
28 creatures vanquished.

Notes
Turn   | Place    | Note
-------+----------+-------------------------------------------
     0 | D:1      | qw the Ogre Enchanter began the quest for the Orb.
     0 | D:1      | Reached XP level 1. HP: 16/16 MP: 3/3
     0 | D:1      | 0 ||| qw: Version: 0.1-a-103-gd6f5d3a
     0 | D:1      | 0 ||| qw: Game counter: 5579
     0 | D:1      | 0 ||| qw: Always use a shield: true
     0 | D:1      | 0 ||| qw: God list: Okawaru
     0 | D:1      | 0 ||| qw: Allow faded altars: false
     0 | D:1      | 0 ||| qw: Do Orc after D:15 true
     0 | D:1      | 0 ||| qw: Do second Lair branch before Depths: true
     0 | D:1      | 0 ||| qw: Lair rune preference: random
     0 | D:1      | 0 ||| qw: Plans: Normal
     0 | D:1      | 0 ||| PLANNING D:1-11
   230 | D:1      | Reached skill level 1 in Axes
   263 | D:1      | 263 ||| SWAPPING to +0 club.
   264 | D:1      | 264 ||| DROPPING +1 dagger.
   315 | D:1      | Reached skill level 1 in Fighting
   360 | D:1      | 360 ||| Stepping ~*~*~tactically~*~*~ (outnumbered).
   361 | D:1      | 361 ||| Stepping ~*~*~tactically~*~*~ (outnumbered).
   362 | D:1      | 362 ||| Stepping ~*~*~tactically~*~*~ (outnumbered).
   363 | D:1      | 363 ||| Stepping ~*~*~tactically~*~*~ (outnumbered).
   365 | D:1      | Reached XP level 2. HP: 12/27 MP: 5/5
   369 | D:1      | HP: 5/27 [hobgoblin (2)]
   891 | D:1      | 891 ||| DROPPING +0 dagger of venom.
  1093 | D:1      | 1093 ||| SWAPPING to +0 short sword.
  1094 | D:1      | 1094 ||| DROPPING +0 club.
  1384 | D:1      | 1384 ||| DROPPING +6 ring of intelligence.
  1385 | D:1      | 1385 ||| READING 2 scrolls labelled CIXTUCL FEDAT.
  1386 | D:1      | 1386 ||| DRINKING 2 bubbling ruby potions.
  1387 | D:1      | 1387 ||| DRINKING 2 dark potions.
  1388 | D:1      | 1388 ||| DROPPING 2 potions of invisibility.
  1389 | D:1      | 1389 ||| DROPPING potion of degeneration.
  1489 | D:2      | 1489 ||| SWAPPING to +0 whip.
  1490 | D:2      | 1490 ||| DROPPING +0 short sword.
  1522 | D:2      | Reached XP level 3. HP: 25/35 MP: 6/6
  1522 | D:2      | 1522 ||| FLEEEEING.
  1523 | D:2      | 1523 ||| FLEEEEING.
  1524 | D:2      | 1524 ||| FLEEEEING.
  1525 | D:2      | 1525 ||| FLEEEEING.
  1526 | D:2      | 1526 ||| FLEEEEING.
  1527 | D:2      | 1527 ||| FLEEEEING.
  1529 | D:2      | 1529 ||| STAIRDANCE
  1620 | D:2      | 1620 ||| STAIRDANCE
  1798 | D:2      | 1798 ||| Stepping ~*~*~tactically~*~*~ (stealth).
  1938 | D:2      | 1938 ||| SWAPPING to +0 hand axe.
  2037 | D:2      | HP: 4/35 [iguana (11)]
  2038 | D:2      | Slain by an iguana

Levels and vault maps discovered:
D:1:      dpeg_arrival_arbitrary_a, layout_basic, nicolae_titane
D:2:      minmay_skewed_foursquare, layout_rooms, serial_shops, shop_statue,
          uniq_jessica

Skill      XL: |  1  2  3 |
---------------+----------+-----
Axes           | 1 2 |  2.3
Fighting       | 1 2 |  2.0
Short Blades   | |  0.8
Dodging        | |  1.7
Stealth        | |  2.1
Spellcasting   | |  2.4
Hexes          | |  2.6

Action                   || total
-------------------------++-------
Melee: Club              ||    38
       Dagger            ||    13
       Punch             ||     2
       Whip              ||    23
       Short sword       ||     7
       Hand axe          ||    15
Throw: Boomerang         ||    42
  Use: Potion            ||     2
       Scroll            ||     1
Armor: Robe              ||    31
Dodge: Dodged            ||    31

Table legend:
 A = Non-vault XP
 B = Vault XP
 C = Vault XP percentage of total XP
 D = Non-vault monster count
 E = Vault monster count
 F = Vault count percentage of total count
                 A         B        C        D         E       F
            +---------+---------+-------+---------+---------+-------
      Total |      42 |       9 |  17.6 |      24 |       4 |  14.3
            +---------+---------+-------+---------+---------+-------
        D:1 |      25 |       0 |   0.0 |      16 |       0 |   0.0
        D:2 |      17 |       9 |  34.6 |       8 |       4 |  33.3
            +---------+---------+-------+---------+---------+-------
